Unix NetHack Version 3.7.0-101 Work-in-progress - last build Mar 4 2024 02:26:32 (3c4ac04b664b9ee0831c739617f054b5b60dbfd1,branch:master). Game began 2024-03-07 12:54:38, ended 2024-03-07 13:12:37. elenmirie, neutral female gnomish Archeologist --- -.- --- ------------------ --- . --.| -----------|................|---|.| -.- |..| |...|..|*@x|................|...|.| .-- ----..| ...|..|am%|.........--|--..-...|.| .. .....--+---|-|..|@..|..-----..|...|..|...|.| -------.- -.........-|---|--..|.((|--|...|.)-----.|--.......| ..--- --.-----........a....-.((| |...|........|...-----.| -...- |..|...|...-+--......|.((| |---|........|.--- |<| -...--..|...-...| |...{..------+|(/(|...----...- |.| |.......|...|...| |.h.........(.|(((|...+ --....- |.| -- |....-------------|---......+.|...|...| .|....| |.| --......)............|.|......|-|--...-- .|....| |.| ---.--------....----|.................| .|.-- -.| ..|......|....-...|..............#..| ---- .| |.-|._....-....|..%|...........{....-- . |. |......|....-----..-.....#....|..- . -- -------|....... .............--.... -.- -----.| ----....------- ----- --- -- *# Elenmirie the Investigator St:18 Dx:10 Co:13 In:14 Wi:14 Ch:7 Neutral Dlvl:6 $:381 HP:0(41) Pw:37(37) AC:10 Xp:6/373 T:2570 Latest messages: You lash the small mimic. You are beginning to feel weak. You lash the small mimic. You lash the small mimic. You lash the small mimic. You lash the small mimic. You lash the small mimic. You lash the small mimic. You lash the small mimic. You lash the small mimic. You lash the small mimic. You lash the small mimic. You lash the small mimic. You lash the small mimic. You lash the small mimic. You lash the small mimic. The small mimic hits! You lash the small mimic. You kill the small mimic! You see here a long sword (for sale, 23 zorkmids). The killer bee stings! You kill the killer bee! Welcome to experience level 6. You see here a food ration (for sale, 203 zorkmids). What do you want to eat? [d or ?*] ? This food really hits the spot! You stop eating the food ration. The killer bee stings! You miss the killer bee. The killer bee stings! The killer bee stings! You lash the killer bee! The killer bee stings! The killer bee stings! The killer bee stings! The killer bee stings! You kill the killer bee! The killer bee stings! You kill the killer bee! You find a small mimic. You lash the small mimic. The killer bee stings! The small mimic hits! You die... Budereyri gratefully inherits all your possessions. Do you want to see what you had when you died? [ynq] (y) y Do you want to see your attributes? [ynq] (y) y Do you want an account of creatures vanquished? [ynaq] (y) y Do you want to see your conduct and achievements? [ynq] (y) y Do you want to see the dungeon overview? [ynq] (y) y Inventory: Coins $ - 381 gold pieces Weapons n - 13 uncursed +0 darts a - an uncursed +2 bullwhip (weapon in right hand) j - an uncursed +0 long sword Armor c - an uncursed +0 fedora (being worn) K - a blessed +0 orcish helm m - an uncursed -1 pair of gauntlets of fumbling b - an uncursed burnt +0 leather jacket (being worn) Comestibles d - 2 uncursed food rations L - an uncursed partly eaten food ration Scrolls r - an uncursed scroll of identify u - a cursed scroll of light Potions y - a cursed potion of blindness z - a cursed potion of extra healing i - an uncursed potion of levitation Rings l - an uncursed ring of invisibility o - an uncursed ring of shock resistance Wands I - an uncursed wand of polymorph (0:5) Tools w - an uncursed sack containing 3 items e - an uncursed skeleton key t - an uncursed tinning kit (0:74) Gems/Stones C - an uncursed luckstone g - an uncursed touchstone Contents of the sack: an uncursed potion of healing an uncursed potion of sleeping an uncursed +0 pick-axe Elenmirie the Archeologist's attributes: Background: You were an Investigator, a level 6 female gnomish Archeologist. You were neutral, on a mission for Camaxtli who was opposed by Quetzalcoatl (lawful) and Huhetotl (chaotic). You were right-handed. You were in the Gnomish Mines, on level 6. You entered the dungeon 2570 turns ago. You had 373 experience points, 267 more were needed to attain level 7. Basics: You had 0 out of 41 hit points. You had all 37 energy points (spell power). Your armor class was 10. Your wallet contained 381 zorkmids. Autopickup was on, but temporarily disabled while inside the shop. Final Characteristics: Your strength was 18 (limit:18/50). Your dexterity was 10 (limit:18). Your constitution was 13 (limit:18). Your intelligence was 14 (limit:19). Your wisdom was 14 (limit:18). Your charisma was 7 (limit:18). Final Status: You weren't hungry. You were unencumbered. You were wielding a whip. You were skilled in whip. Final Attributes: You were piously aligned. You had automatic searching. You had infravision. You were stealthy. You were lucky. You had extra luck. Bad luck did not time out for you. Good luck did not time out for you. You are dead. Miscellaneous: You never encountered a bones level. Total elapsed playing time was 17 minutes and 59 seconds. Major events: Turn 1: elenmirie the neutral female gnomish Archeologist entered the dungeon 809: attained the rank of Field Worker (level 3) 1113: entered the Gnomish Mines 1984: reached Mine Town 2560: attained the rank of Investigator (level 6) 2570: killed by a small mimic Vanquished creatures: a small mimic a housecat a lemure a rock piercer a fog cloud a yellow light 2 shriekers a gray ooze a floating eye 2 dwarves a homunculus 4 rothes a rabid rat 2 iguanas 4 killer bees 2 acid blobs a coyote a gas spore a large kobold 3 hobgoblins 3 giant rats 2 cave spiders 2 green molds 5 gnomes 2 garter snakes 4 geckos 7 jackals a kobold 2 goblins 8 grid bugs 9 lichens 3 kobold zombies 2 newts 82 creatures vanquished. No species were genocided or became extinct. Voluntary challenges: You followed a strict vegan diet. You were illiterate. You never engraved Elbereth. You never genocided any monsters. You never polymorphed an object. You never changed form. You used no wishes. Achievements: You entered a shop. You attained the rank of Field Worker. You entered the Gnomish Mines. You entered Minetown. You entered a temple. You attained the rank of Investigator. The Dungeons of Doom: levels 1 to 2 Level 1: A fountain. Level 2: Stairs down to The Gnomish Mines. The Gnomish Mines: levels 3 to 6 Level 3: Level 4: Level 5: Level 6: <- You were here. A general store, a temple and an altar, some fountains, some trees. Final resting place for you, killed by a small mimic. Game over: ---------- / \ / REST \ / IN \ / PEACE \ / \ | elenmirie | | 0 Au | | killed by a | | small mimic | | | | | | 2024 | *| * * * | * _________)/\\_//(\/(/\)/\//\/|_)_______ Goodbye elenmirie the Archeologist... You died in The Gnomish Mines on dungeon level 6 with 1742 points, and 0 pieces of gold, after 2570 moves. You were level 6 with a maximum of 41 hit points when you died.